 Dungeon Crawl Stone Soup version 0.29-a0-364-g921d912d32 (webtiles) character file.

Game seed: 14101269272976272224

1018 Shayle the Sneak (level 8, 0/49 HPs)
             Began as a Tengu Brigand on Apr 30, 2022.
             Slain by a boulder beetle (4 damage)
             ... on level 6 of the Dungeon.
             The game lasted 00:14:50 (4812 turns).

Shayle the Sneak (Tengu Brigand)                    Turns: 4812, Time: 00:14:51

Health: 0/49       AC: 12    Str: 14    XL:     8   Next: 22%
Magic:  14/14      EV: 14    Int: 14    God:
Gold:   215        SH:  0    Dex: 13    Spells: 14/14 levels left

rFire   . . .      SeeInvis .   a - +2 dagger
rCold   . . .      Faith    .   (no shield)
rNeg    . . .      Spirit   .   j - +0 ring mail
rPois   .          Reflect  .   (helmet restricted)
rElec   .          Harm     .   c - +2 cloak
rCorr   .          Rampage  .   (no gloves)
Will    +....      Rnd*Tele +   (boots unavailable)
Stlth   +++.......              (no amulet)
HPRegen 0.16/turn               i - +4 ring of protection
MPRegen 0.14/turn               (no ring)

@: flying quickly and evasively, quick
A: beak, talons 3, nimble flight, clumsy 1, strong-willed 1, strong 1,
teleportitis 1, no potion heal 1
a: no special abilities


You were on level 6 of the Dungeon.
You visited 1 branch of the dungeon, and saw 6 of its levels.
You also visited: Sewer.

You collected 215 gold pieces.

Inventory:

Hand Weapons
 a - a +2 dagger (weapon)
 h - a +0 vorpal spear
 q - the +3 dagger of Drought {vorpal, Fragile rCorr Int+10}
   (You found it on level 2 of the Dungeon)

   It inflicts extra damage upon your enemies.
   Int:       It affects your intelligence (+10).
   rCorr:     It protects you from acid and corrosion.
   Fragile:   It will be destroyed if unequipped.
Missiles
 d - 35 poisoned darts
 e - 2 curare-tipped darts (quivered)
Armour
 b - a +0 robe
 c - a +2 cloak (worn)
 j - a +0 ring mail (worn)
Jewellery
 i - a +4 ring of protection (left hand)
 m - an amulet of the acrobat
Wands
 w - a wand of digging (5)
 x - a wand of iceblast (18)
 z - a wand of polymorph (9)
Scrolls
 g - 2 scrolls of summoning
 n - 3 scrolls of brand weapon
 p - 2 scrolls of identify
 s - a scroll of enchant armour
 u - 5 scrolls of teleportation
Potions
 f - 3 potions of might
 k - a potion of attraction
 l - a potion of flight
 o - a potion of cancellation
 r - 2 potions of haste
 t - a potion of invisibility
 B - a potion of degeneration {unknown}


   Skills:
 + Level 5.0 Fighting
 - Level 2.1 Short Blades
 - Level 2.0 Throwing
 + Level 5.0 Dodging
 + Level 6.5 Stealth
 + Level 3.9 Spellcasting


You had 14 spell levels left.
You didn't know any spells.
Your spell library contained the following spells:

 Spells                   Type           Power      Damage    Failure   Level
 Magic Dart               Conj           8%         1d3       38%         1
 Searing Ray              Conj           4%         2d4       52%         2
 Fulminant Prism          Conj/Hex       1%         3d6       99%         4


Dungeon Overview and Level Annotations

Branches:
Dungeon (6/15)              Sewer (visited)
 Temple: D:4-7

Altars:

Shops:
D:5 :

Annotations:
D:4 1 transporter, Sweeb's ghost, novice FoFi


Innate Abilities, Weirdness & Mutations

You have a beak for a mouth.
You have claws for feet.
Your magical nature lets you fly swiftly and evasively.
You are clumsy. (Dex -2)
You are strong-willed. (Will+)
Your muscles are strong. (Str +2)
You are occasionally teleported next to monsters.
Potions are less effective at restoring your health.


Message History

The boulder beetle curls into a ball and begins rolling!
The iguana barely misses you.
A sky beast appears from thin air!
Reactivating autopickup.
The sky beast hits you but does no damage.
You hit the iguana but do no damage. Your peck misses the iguana.
The iguana is lightly wounded.
The iguana closely misses you. The sky beast misses you.
You hit the iguana. Your kick misses the iguana.
The iguana is moderately wounded.
The iguana bites you. The boulder beetle hits you.
The boulder beetle stops rolling and uncurls.
The sky beast flickers out of sight!
Deactivating autopickup; reactivate with Ctrl-A.
Something hits you but does no damage.
You barely miss the boulder beetle. Your kick misses the boulder beetle.
Your peck misses the boulder beetle. The boulder beetle bites you.
The iguana misses you. Something barely misses you.
You hit the boulder beetle but do no damage.
You claw the boulder beetle, but do no damage.
The iguana closely misses you.
A sky beast appears from thin air!
Reactivating autopickup.
The sky beast closely misses you. The boulder beetle bites you!
You hit the boulder beetle but do no damage.
You peck the boulder beetle, but do no damage.
The iguana bites you but does no damage.
The boulder beetle barely misses you. The sky beast hits you.
The sky beast shocks you.
* * * LOW HITPOINT WARNING * * *
You hit the boulder beetle but do no damage.
The iguana barely misses you. The boulder beetle bites you!
* * * LOW HITPOINT WARNING * * *
The sky beast completely misses you.
Unknown command.
You hit the boulder beetle but do no damage.
You hit the boulder beetle but do no damage.
You claw the boulder beetle, but do no damage.
The iguana barely misses you.
The sky beast flickers out of sight!
Deactivating autopickup; reactivate with Ctrl-A.
Something hits you but does no damage. The boulder beetle bites you.
You die...

....... ## .........#
### .......#.# #.#
.......#.# #.#
.........# #.####
.........# #..[..
......lB.# #.###.
.......@{# #...#.
......$..##########...#.
########..............#.
###########....#.
#....#. #....#. #....#.
##....#. #.....#.


You could see a boulder beetle and an iguana.

Vanquished Creatures
  An ogre (D:4)
  A centaur (D:5)
  A kobold brigand (Sewer)
  3 scorpions
  A gnoll sergeant (D:5)
  A howler monkey (D:5)
  A hound (D:6)
  An orc priest (D:3)
  4 iguanas
  3 orc wizards
  3 gnolls (D:5)
  4 river rats
  5 adders
  2 shadow imps
  A white imp (D:4)
  2 ufetubi
  2 worms (D:3)
  4 orcs
  15 ball pythons
  5 bats
  8 endoplasms
  6 giant cockroaches
  6 goblins
  4 hobgoblins
  7 jackals
  3 quokkas
  5 frilled lizards
  25 kobolds
  25 rats
149 creatures vanquished.

Notes
Turn   | Place    | Note
-------+----------+-------------------------------------------
     0 | D:1      | Shayle the Tengu Brigand began the quest for the Orb.
     0 | D:1      | Reached XP level 1. HP: 12/12 MP: 2/2
   116 | D:1      | Reached XP level 2. HP: 17/17 MP: 3/3
   524 | D:1      | Reached XP level 3. HP: 22/22 MP: 5/5
   609 | D:1      | Reached skill level 1 in Spellcasting
   927 | D:2      | Identified the +3 dagger of Drought {vorpal, Fragile rCorr
                  | Int+10}
  1409 | D:2      | Reached XP level 4. HP: 19/27 MP: 5/7
  1875 | D:4      | Found a transporter.
  1877 | D:4      | Noticed Sweeb's ghost (novice FoFi)
  1962 | D:3      | Found a faded altar of an unknown god.
  2017 | D:3      | Gained mutation: Your magical nature lets you fly swiftly
                  | and evasively. [Tengu growth]
  2017 | D:3      | Reached XP level 5. HP: 18/32 MP: 8/8
  2328 | D:3      | Reached skill level 5 in Stealth
  2572 | D:4      | Reached XP level 6. HP: 37/37 MP: 10/10
  3408 | D:5      | Entered Level 5 of the Dungeon
  3519 | D:5      | Reached XP level 7. HP: 38/42 MP: 12/12
  3640 | D:5      | Found Tucsam's Book Boutique.
  3672 | D:5      | Reached skill level 6 in Stealth
  3693 | D:5      | Gained mutation: You have hidden genetic defects. [potion
                  | of mutation]
  3693 | D:5      | Gained mutation: You are clumsy. (Dex -2) [potion of
                  | mutation]
  3693 | D:5      | Gained mutation: You are partially covered in iridescent
                  | scales. (AC +2) [potion of mutation]
  3736 | D:5      | Found a glowing drain.
  3745 | Sewer    | Entered a sewer
  4121 | Sewer    | Gained mutation: Your magical capacity is low. (-10% MP)
                  | [hidden defects]
  4389 | Sewer    | Reached XP level 8. HP: 47/48 MP: 13/13
  4703 | D:5      | Gained mutation: Potions are less effective at restoring
                  | your health. [hidden defects]
  4703 | D:5      | Lost mutation: You have hidden genetic defects. [hidden
                  | defects expressed]
  4711 | D:5      | Lost mutation: You are partially covered in iridescent
                  | scales. (AC +2) [potion of mutation]
  4711 | D:5      | Lost mutation: Your magical capacity is low. (-10% MP)
                  | [potion of mutation]
  4711 | D:5      | Gained mutation: Your muscles are strong. (Str +2) [potion
                  | of mutation]
  4711 | D:5      | Gained mutation: You are occasionally teleported next to
                  | monsters. [potion of mutation]
  4711 | D:5      | Gained mutation: You are strong-willed. (Will+) [potion of
                  | mutation]
  4755 | D:6      | Reached skill level 5 in Fighting
  4755 | D:6      | Reached skill level 5 in Dodging
  4785 | D:6      | Noticed a boulder beetle
  4812 | D:6      | Slain by a boulder beetle

Illustrated notes

Levels and vault maps discovered:
D:1:      matt_arrival_refuge, layout_rooms
D:2:      layout_loops_ring, nicolae_concentric_dashed_squares_mild,
          minmay_quantized
D:3:      layout_rooms, hellmonk_ecumenical_altar_run_dry
D:4:      layout_basic, gammafunk_ghost_mausoleum, moated_statue
D:5:      minmay_evil_eye, layout_rooms, minmay_temple_entry_slanted,
          portal_sewer_entry_a, nicolae_stop_n_shop_1, uniq_eustachio,
          uniq_blork_the_orc
D:6:      minmay_clustersquares, layout_basic, minmay_misc_feat_five,
          dreamdust_princess_bridge, minivault_23

Skill      XL: |  1  2  3  4  5  6  7  8 |
---------------+-------------------------+-----
Spellcasting   | 1 2 3 |  3.9
Dodging        | 2 3 4 5 |  5.0
Fighting       | 3 4 5 |  5.0
Stealth        | 5 6 |  6.5
Short Blades   | |  2.1
Throwing       | |  2.0

Action                   |  1- 3 |  4- 6 |  7- 9 || total
-------------------------+-------+-------+-------++-------
Melee: Dagger            |    88 |   125 |   222 ||   435
       Kick              |    18 |    32 |    72 ||   122
       Peck              |     7 |    23 |    41 ||    71
       Punch             |     1 |     2 |     3 ||     6
Throw: Dart              |       |     8 |     4 ||    12
Evoke: Wand              |       |     1 |       ||     1
  Use: Scroll            |       |    11 |       ||    11
       Potion            |       |       |     9 ||     9
 Stab: Sleeping          |     9 |     6 |     3 ||    18
       Invisible         |       |       |     2 ||     2
Armor: Robe              |    15 |       |       ||    15
       Ring mail         |    15 |    41 |    90 ||   146
Dodge: Dodged            |    56 |    56 |   186 ||   298

Table legend: (Time is in decaauts)
 A = Elapsed time spent in this place.
 B = Non-inter-level travel time spent in this place.
 C = Inter-level travel time spent in this place.
 D = Time resting spent in this place.
 E = Time spent auto-exploring this place.
 F = Levels seen in this place.
 G = Mean time per level.
                   A        B        C        D        E       F      G
               +--------+--------+--------+--------+--------+-----+--------+
         Total |   4594 |   4360 |    234 |    580 |   2331 |   7 |  656.3 |
       Dungeon |   3802 |   3568 |    234 |    513 |   1878 |   6 |  633.7 |
         Sewer |    792 |    792 |      0 |     67 |    452 |   1 |  792.0 |
               +--------+--------+--------+--------+--------+-----+--------+

Top non-repeatable levels by time:
     D:4: 1214 daAuts
     D:2: 795 daAuts
   Sewer: 792 daAuts
     D:1: 765 daAuts
     D:3: 600 daAuts
     D:5: 361 daAuts
     D:6: 65 daAuts
